 Dungeon Crawl Stone Soup version 0.28.0-43-g3370ac3207 (webtiles) character file.

Game seed: 3268671856335605036

41 Peloso the Covered (level 3, -2/33 HPs)
             Began as a Minotaur Fighter on Mar 6, 2022.
             Killed by nerve-wracking pain
             ... invoked by an orc priest
              (7 damage)
             ... on level 5 of the Dungeon.
             The game lasted 00:01:53 (1452 turns).

Peloso the Covered (Minotaur Fighter)               Turns: 1452, Time: 00:01:53

Health: -2/33      AC:  7    Str: 20    XL:     3   Next: 32%
Magic:  2/2        EV:  9    Int:  5    God:
Gold:   83         SH:  0    Dex: 11    Spells: 2/2 levels left

rFire   . . .      SeeInvis .   a - +2 long sword (holy)
rCold   . . .      Faith    .   c - +0 buckler
rNeg    . . .      Spirit   .   b - +0 scale mail
rPois   .          Reflect  .   (helmet restricted)
rElec   .          Harm     .   (no cloak)
rCorr   .          Rampage  .   (no gloves)
Will    .....                   (no boots)
Stlth   ..........              (no amulet)
HPRegen 0.11/turn               (no ring)
MPRegen 0.08/turn               (no ring)

@: confused, lethally poisoned (-2 -> -6)
A: horns 2, retaliatory headbutt
a: no special abilities


You were on level 5 of the Dungeon.
You visited 1 branch of the dungeon, and saw 4 of its levels.

You collected 83 gold pieces.

Inventory:

Hand Weapons
 a - a +2 long sword of holy wrath (weapon)
Armour
 b - a +0 scale mail (worn)
 c - a +0 buckler (worn)
Scrolls
 e - 3 scrolls of identify {unknown}
 f - a scroll of teleportation {unknown}
 h - a scroll of enchant weapon {unknown}
 i - a scroll of amnesia {unknown}
Potions
 d - a potion of might
 g - 2 potions of flight {unknown}
 j - a potion of brilliance {unknown}


   Skills:
 + Level 4.2 Fighting
 + Level 2.9 Long Blades
 + Level 4.2 Armour
 + Level 4.1 Shields


You had 2 spell levels left.
You didn't know any spells.
Your spell library was empty.

Dungeon Overview and Level Annotations

Branches:
Dungeon (3/15)

Altars:


Innate Abilities, Weirdness & Mutations

You have a pair of horns on your head.
You reflexively headbutt those who attack you in melee.


Message History

The shaft crumbles and collapses.
An orc wizard and an orc come into view.
The orc wizard shouts!
The orc shouts!
You hear a shout!
Found a bubbling amethyst potion and a scroll labelled UCHOFYWEEH.
An adder and an orc come into view.
The orc is wielding a +0 flail and quivering silver boomerangs.
The adder hisses angrily.
An orc priest and an orc come into view.
The orc priest shouts!
The orc shouts!
The orc wizard hits you but does no damage.
You slash the orc wizard!
The orc wizard is heavily wounded.
The orc wizard gestures wildly while chanting.
The orc wizard flickers and vanishes!
Deactivating autopickup; reactivate with Ctrl-A.
You closely miss something. You block the orc's attack.
You hear some strange, mumbled words.
A magic dart appears from out of thin air!
The magic dart hits you. The orc hits you with a +0 whip.
The orc hits you with a +0 flail.
Unknown command.
You hear some strange, mumbled words.
You are confused.
The orc priest casts a cantrip, but nothing happens.
The orc hits you with a +0 flail. The adder bites you.
You are poisoned.
The adder poisons you!
You closely miss the orc priest.
You feel very sick. Something hits you but does no damage.
The orc hits you with a +0 whip.
* * * LOW HITPOINT WARNING * * *
The orc priest hits you with a +0 club.
* * * LOW HITPOINT WARNING * * *
The adder barely misses you. The orc closely misses you.
Something hits you but does no damage.
* * * LOW HITPOINT WARNING * * *
You feel sick. The orc closely misses you.
The orc priest invokes the aid of Beogh against you.
Pain shoots through your body!
You die...

##### #...#
##...#####
#.........
####.@o......
#....So......
#...{oo######
#......#
#......###
#..........
####........
#...!....
#........


You could see an orc priest, an adder and 3 orcs.

Vanquished Creatures
  2 adders (D:2)
  A dart slug (D:1)
  2 bats
  An endoplasm (D:2)
  2 hobgoblins
  A kobold (D:2)
  4 quokkas (D:1)
  5 ball pythons
18 creatures vanquished.

Notes
Turn   | Place    | Note
-------+----------+-------------------------------------------
     0 | D:1      | Peloso the Minotaur Fighter began the quest for the Orb.
     0 | D:1      | Reached XP level 1. HP: 19/19 MP: 0/0
   546 | D:1      | Reached XP level 2. HP: 27/27 MP: 1/1
   861 | D:1      | Found a faded altar of an unknown god.
  1283 | D:2      | Reached XP level 3. HP: 33/33 MP: 2/2
  1443 | D:3      | You fall into a shaft and drop 2 floors!
  1443 | D:5      | Entered Level 5 of the Dungeon
  1452 | D:5      | Killed from afar by an orc priest

Illustrated notes

Levels and vault maps discovered:
D:1:      pf_arrival_petrified_forest, layout_loops_corners,
          shapermc_ecumenical_altar_petra
D:2:      layout_basic, minivault_23
D:3:      layout_loops_ring, grunt_decor_fettered, minmay_misc_feat_cross
D:5:      layout_basic

Skill      XL: |  1  2 |
---------------+-------+-----
Fighting       | 4 |  4.2
Armour         | 4 |  4.2
Shields        | 4 |  4.1
Long Blades    | |  2.9

Action                   || total
-------------------------++-------
Melee: Long sword        ||    42
       Headbutt          ||     1
Armor: Scale mail        ||    21
Dodge: Dodged            ||    25
Block: Buckler           ||    10
